 Dungeon Crawl Stone Soup version 0.19.3 (webtiles) character file.

3553 Megalobster the Cleaver (level 9, -1/127 HPs)
             Began as a Minotaur Berserker on Jan 22, 2017.
             Was an Elder of Trog.
             Succumbed to a hornet's poison
             ... while paralysed by a hornet
             ... on level 8 of the Dungeon on Jan 23, 2017.
             The game lasted 00:23:05 (7030 turns).

Megalobster the Cleaver (Minotaur Berserker)        Turns: 7030, Time: 00:23:06

Health: -1/127     AC: 10    Str: 29    XL:     9   Next: 83%
Magic:  8/8        EV:  2    Int:  2    God:    Trog [****..]
Gold:   331        SH:  0    Dex: 11    Spells: 0 memorised, 8 levels left

rFire  . . .     SeeInvis .     a - +0 hand axe
rCold  . . .     Gourm    .     E - +1 leather armour {rN+}
rNeg   + . .     Faith    .     P - +0 buckler
rPois  .         Spirit   .     (helmet restricted)
rElec  .         Reflect  .     r - +1 cloak {MR+}
rCorr  .         Harm     .     p - +0 pair of gloves
MR     +++..                    (no boots)
Stlth  ..........               S - amulet of magic regeneration
                                (no ring)
                                X - ring of flight

@: paralysed, berserking (expiring), lethally poisoned (-1 -> -19),
regenerating, slowed
A: retaliatory headbutt, horns 2, icy blue scales 1, dopey 1
a: Berserk, Trog's Hand, Brothers in Arms, Burn Spellbooks, Renounce Religion,
Evoke Flight


You were on level 8 of the Dungeon.
You worshipped Trog.
Trog was greatly pleased with you.
You were hungry.

You visited 2 branches of the dungeon, and saw 9 of its levels.

You collected 396 gold pieces.
You spent 65 gold pieces at shops.

Inventory:

Hand Weapons
 a - a +0 hand axe (weapon)
 k - a +2 short sword of electrocution
 q - a +2 quarterstaff of chaos
 U - a +3 dire flail of protection
Missiles
 d - 277 stones (quivered)
 s - 3 steel tomahawks
 B - 151 arrows
 J - 25 sling bullets
 Q - 2 tomahawks
Armour
 j - a +0 ring mail
 p - a +0 pair of gloves (worn)
 r - a +1 cloak of magic resistance (worn)
 E - a +1 leather armour of positive energy (worn)
 P - a +0 buckler (worn)
Magical Staves
 T - an uncursed staff of summoning {unknown}
Jewellery
 b - an uncursed ring of ice
 h - an uncursed ring of fire
 y - an uncursed ring of ice
 S - an amulet of magic regeneration (around neck)
 X - a ring of flight (left hand)
Wands
 o - a wand of flame (22/48)
 V - a wand of paralysis (13/24)
Scrolls
 g - 4 scrolls of remove curse
 i - 6 scrolls of identify
 n - 4 scrolls of teleportation {unknown}
 t - a scroll of enchant armour {unknown}
 u - 2 scrolls of random uselessness {unknown}
 w - a scroll of fog {unknown}
 x - 2 scrolls of recharging {unknown}
 M - a scroll of enchant weapon {unknown}
 N - 2 scrolls of immolation {unknown}
Potions
 c - 2 potions of cancellation {unknown}
 e - 5 potions of haste {unknown}
 f - 2 potions of beneficial mutation {unknown}
 m - a potion of degeneration {unknown}
 v - 3 potions of invisibility {unknown}
 z - a potion of brilliance {unknown}
 A - 3 potions of heal wounds {unknown}
 C - a potion of resistance {unknown}
 D - a potion of might {unknown}
 F - a potion of ambrosia {unknown}
 H - 3 potions of curing {unknown}
 K - a potion of agility {unknown}
 O - a potion of lignification {unknown}
Comestibles
 l - 4 meat rations
 I - 2 bread rations
 L - a royal jelly


   Skills:
 * Level 9.7 Fighting
 * Level 12.6 Axes
 + Level 7.2 Armour
 - Level 2.1 Dodging
 + Level 0.2 Shields
 + Level 0.3 Evocations


You had 8 spell levels left.
You didn't know any spells.

Dungeon Overview and Level Annotations

Branches:
Dungeon (8/15)             Temple (1/1) D:5
   Lair: D:8-11

Altars:
Cheibriados
Dithmenos
Elyvilon
Gozag
Kikubaaqudgha
Makhleb
Okawaru
Qazlal
Sif Muna
Xom

Shops:
D:4 *

Annotations:
D:8 Grum


Innate Abilities, Weirdness & Mutations

You reflexively headbutt those who attack you in melee.
You have a pair of horns on your head.
You are partially covered in icy blue scales. (AC +2)
You are dopey. (Int -2)


Message History

You feel yourself speed up.
You feel very sick. The wolf bites you.
* * * LOW HITPOINT WARNING * * *
The hornet stings you!
* * * LOW HITPOINT WARNING * * *
You feel yourself slow down. Grum barely misses you.
The ogre closely misses you. You furiously retaliate!
You headbutt the ogre! The wolf barely misses you.
Your leather armour prevents you from hitting the hornet.
Your headbutt misses the hornet.
The hornet is moderately wounded.
You hit the ogre. You slash the wolf!
You feel sick. The hornet stings you.
* * * LOW HITPOINT WARNING * * *
You are more poisoned.
You suddenly lose the ability to move!
The wolf bites you!
* * * LOW HITPOINT WARNING * * *
Grum hits you from afar with a spear of venom!
* * * LOW HITPOINT WARNING * * *
You die...

#. .# ##.# .#.# ....
.$.. (.... ... ##
##.#.####.####.#.#
....og..<......#.#.
#.#...O............
.....hy@.....#.#...
......h............
.########.......§.
...........≈≈≈....§...
#######..≈§#≈≈§§#.....
..........#≈≈≈§#.§...
######....#≈>§§#≈≈§§.
#..§§#§§⌠≈#§≈≈..
#..≈≈≈≈≈§≈≈§≈...


You could see Grum, a hornet, an ogre, 2 wolves and an orc.

Vanquished Creatures
  Pikel (D:7)
  Grinder (D:4)
  Menkaure (D:7)
  Edmund (D:6)
  A sky beast (D:4)
  2 ice beasts
  An orc warrior (D:7)
  2 phantoms
  An ogre (D:4)
  A wolf (D:8)
  2 centaurs
  2 bullfrogs
  A wyvern skeleton (D:7)
  2 scorpions
  11 wights
  The ghost of dscm the Sneak, a weakling OpEE (D:4)
  2 howler monkeys
  A bullfrog zombie (D:6)
  7 crimson imps
  Crazy Yiuf (D:2)
  2 hounds
  3 orc priests
  7 orc wizards
  An iguana (D:4)
  5 worker ants
  A hound skeleton (D:4)
  3 gnolls (D:5)
  8 adders
  A worm (D:6)
  4 dart slugs
  3 leopard geckos
  35 orcs
  5 giant cockroaches
  3 goblins
  8 hobgoblins
  13 jackals
  5 quokkas
  A ball python (D:3)
  9 bats
  7 frilled lizards
  A jackal skeleton (D:5)
  7 kobolds
  A quokka skeleton (D:6)
  2 quokka zombies
  7 rats
184 creatures vanquished.

Vanquished Creatures (others)
  A slave (D:7)
  A quokka (D:7)
2 creatures vanquished.

Grand Total: 186 creatures vanquished

Notes
Turn   | Place    | Note
-------+----------+-------------------------------------------
     0 | D:1      | Megalobster the Minotaur Berserker began the quest for the Orb.
     0 | D:1      | Reached XP level 1. HP: 19/19 MP: 0/0
   102 | D:1      | Reached skill level 4 in Axes
   121 | D:1      | Reached XP level 2. HP: 27/27 MP: 1/1
   402 | D:1      | Reached XP level 3. HP: 18/33 MP: 2/2
   556 | D:1      | Reached ** piety under Trog
  1029 | D:2      | Reached skill level 5 in Axes
  1217 | D:2      | Found a burning altar of Makhleb.
  1223 | D:2      | Reached XP level 4. HP: 36/41 MP: 3/3
  1456 | D:2      | Found a runed door.
  1460 | D:2      | Noticed Crazy Yiuf
  1463 | D:2      | Killed Crazy Yiuf
  1833 | D:3      | Reached skill level 6 in Axes
  1896 | D:3      | Reached XP level 5. HP: 47/47 MP: 4/4
  2078 | D:3      | Reached skill level 5 in Fighting
  2081 | D:3      | Reached *** piety under Trog
  2329 | D:3      | Found an ancient bone altar of Kikubaaqudgha.
  2349 | D:3      | Found a shadowy altar of Dithmenos.
  2708 | D:4      | Reached skill level 7 in Axes
  3004 | D:4      | Noticed Grinder
  3009 | D:4      | Killed Grinder
  3009 | D:4      | Reached XP level 6. HP: 53/57 MP: 5/5
  3012 | D:4      | Reached skill level 8 in Axes
  3073 | D:4      | Noticed dscm's ghost (weakling OpEE)
  3080 | D:4      | Killed dscm's ghost
  3346 | D:4      | Noticed a sky beast
  3355 | D:4      | Killed a sky beast
  3355 | D:4      | Reached XP level 7. HP: 47/63 MP: 6/6
  3360 | D:4      | Gained mutation: You are partially covered in icy blue scales. (AC +2) [mutagenic meat]
  3361 | D:4      | Gained mutation: You are dopey. (Int -2) [mutagenic meat]
  3419 | D:4      | Found an opulent altar of Gozag.
  3484 | D:4      | Reached skill level 9 in Axes
  3548 | D:4      | Found Yfups's General Store.
  3576 | D:4      | Bought a scroll of identify for 26 gold pieces
  3576 | D:4      | Bought a scroll of remove curse for 39 gold pieces
  3750 | D:4      | Found a deep blue altar of Sif Muna.
  3884 | D:5      | Entered Level 5 of the Dungeon
  4227 | D:5      | Found a staircase to the Ecumenical Temple.
  4244 | D:5      | Reached XP level 8. HP: 64/73 MP: 7/7
  4247 | D:5      | Reached **** piety under Trog
  4348 | Temple   | Entered the Ecumenical Temple
  4416 | D:5      | Reached skill level 10 in Axes
  4820 | D:6      | Found an iron altar of Okawaru.
  5157 | D:6      | Noticed Edmund
  5166 | D:6      | Killed Edmund
  5166 | D:6      | Reached skill level 5 in Armour
  5311 | D:6      | Reached skill level 11 in Axes
  5577 | D:7      | Noticed Menkaure
  5582 | D:7      | Killed Menkaure
  5664 | D:7      | Found a shimmering altar of Xom.
  5668 | D:7      | Reached XP level 9. HP: 82/82 MP: 8/8
  5735 | D:7      | Noticed Pikel
  5745 | D:7      | Killed Pikel
  5766 | D:7      | Reached skill level 12 in Axes
  5902 | D:7      | Found a shadowy altar of Dithmenos.
  6791 | D:7      | Reached ***** piety under Trog
  6979 | D:8      | Found a stormy altar of Qazlal.
  7018 | D:8      | Noticed Grum
  7029 | D:8      | Paralysed by a hornet for 2 turns
  7029 | D:8      | HP: 2/127 [Grum/spear of venom (9)]
  7030 | D:8      | Succumbed to a hornet's poison

Skill      XL: |  1  2  3  4  5  6  7  8  9 |
---------------+----------------------------+-----
Axes           | 4 5 6 7 8 9 11 12 | 12.6
Fighting       | 4 5 6 7 8 9 |  9.7
Armour         | 3 5 7 |  7.2
Dodging        | |  2.1
Shields        | |  0.2
Evocations     | |  0.3

Action                   |  1- 3 |  4- 6 |  7- 9 || total
-------------------------+-------+-------+-------++-------
Melee: Hand axe          |    82 |   100 |   281 ||   463
       Headbutt          |     7 |    17 |    55 ||    79
Throw: Stone             |       |     2 |    22 ||    24
Invok: Berserk           |       |     5 |     6 ||    11
       Trog's Hand       |       |     1 |     5 ||     6
  Use: Scroll            |       |       |     2 ||     2
 Stab: Sleeping          |     2 |       |       ||     2
  Eat: Chunk             |     1 |     7 |    15 ||    23
       Bread ration      |       |     1 |     1 ||     2
       Pizza             |       |       |     1 ||     1
Armor: Animal skin       |    11 |       |       ||    11
       Ring mail         |    11 |    35 |    48 ||    94
       Leather armour    |       |       |    46 ||    46
Dodge: Dodged            |    40 |    68 |   150 ||   258
Block: Buckler           |       |       |     1 ||     1
